AoeStats
← RoR | Vodka_L_2

Arena

510127054Analyzed
1v1 RM · 3d ago on Sep 29, 2026· 34m 52s· 2 players
Game mode
Random Map
Map size
Tiny (2 player)
Population
200
Speed
Normal
Resources
Standard
Victory
Conquest
Starting age
Dark Age
Ending age
Imperial Age
RankedLock teamsTeams togetherTeam positionsShared explorationLock speedFull tech treeHidden civsTurbo modeCheats
Victory
Defeat
🇧🇪 Koreans · Belgium
2663
+12
🇮🇹 Japanese · Italy
2585
-12
RoR | Vodka_L_2
10:50 Feudal Age
14:26 Castle Age
12:32 Horse Collar
13:09 Double-Bit Axe
15:24 Bow Saw
17:28 Husbandry
21:31 Gold Mining
22:19 Wheelbarrow
23:59 Loom
26:48 Imperial Age
24:40 Stone Mining
24:14 Elite Skirmisher
24:58 Fletching
26:06 Bodkin Arrow
26:33 Ballistics
27:43 Masonry
27:53 Bracer
30:32 Chemistry
31:32 Redemption
32:17 Block Printing
32:55 Fervor
RoR | Thofou05
10:12 Feudal Age
14:29 Castle Age
12:19 Double-Bit Axe
12:38 Horse Collar
14:36 Fletching
15:33 Bow Saw
21:36 Wheelbarrow
22:45 Hand Cart
26:12 Imperial Age
23:51 Loom
24:37 Hand Cart
24:39 Scale Mail Armor
25:07 Squires
25:10 Gold Mining
26:00 Heavy Plow
25:57 Treadmill Crane
27:55 Chemistry
28:31 Siege Engineers
30:11 Chain Mail Armor
30:53 Bodkin Arrow
31:59 Bracer
33:29 Plate Mail Armor
34:11 Ballistics
33:52 Arrowslits
34:41 Stone Mining
35:41 Masonry
Connection lost

Rejoining the realm…

Still unreachable

The connection could not be restored.

Session expired

The server has moved on; the page needs a fresh start.